 Dungeon Crawl Stone Soup version 0.30-a0-297-g0ec75d9ef4 (webtiles) character file.

Game seed: 7586873076003373155

25 MrRokkomies the Sneak (level 2, 0/27 HPs)
             Began as an Armataur Delver on Oct 19, 2022.
             Slain by a river rat (7 damage)
             ... in a sewer.
             The game lasted 00:02:11 (232 turns).

MrRokkomies the Sneak (Armataur Delver)              Turns: 232, Time: 00:02:12

Health: 0/27       AC:  4    Str: 17    XL:     2   Next: 82%
Magic:  2/2        EV:  9    Int: 10    God:
Gold:   8          SH:  0    Dex: 11    Spells: 1/1 levels left

rFire   . . .      SeeInvis .    i - +2 short sword (drain)
rCold   . . .      Faith    .    (no shield)
rNeg    . . .      Spirit   .    b - +0 leather armour
rPois   .          Reflect  .    (no helmet)
rElec   .          Harm     .    (no cloak)
rCorr   .          Roll     +    (no gloves)
Will    .....                    (no barding)
Stlth   +++.......               (no amulet)
HPRegen 0.24/turn                (no ring)
MPRegen 0.08/turn                (no ring)

@: no status effects
A: large, rugged brown scales 3, deformed body, armoured tail, roll, long
tongue, awkward tongue
a: no special abilities


You were in a sewer.
You visited 1 branch of the dungeon, and saw 3 of its levels.
You also visited: Sewer.

You collected 8 gold pieces.

Inventory:

Hand Weapons
 a - a +0 short sword
 h - a +2 trident of pain
 i - a +2 short sword of draining (weapon)
Armour
 b - a +0 leather armour (worn)
Jewellery
 j - a +6 ring of intelligence
Wands
 g - a wand of digging (3)
Scrolls
 c - a scroll of fog
 e - a scroll of fear
Potions
 f - a potion of haste


   Skills:
 * Level 3.1 Fighting
 * Level 2.2 Short Blades
 + Level 1.6 Dodging
 + Level 5.6 Stealth


You had one spell level left.
You didn't know any spells.
Your spell library was empty.

Dungeon Overview and Level Annotations

Branches:
Dungeon (5/15)              Sewer (1/1)
 Temple: D:4-7

Altars:
Nemelex Xobeh


Innate Abilities, Weirdness & Mutations

You are completely covered in rugged brown scales. (AC +3, +7% HP)
Armour fits poorly on your strangely shaped body.
You have a long armoured tail.
You roll when moving toward enemies. (Rampage)
Your long tongue fully drains potion bottles. (2x potion effects)
Your tongue gives you trouble enunciating. (1.5x scroll delay)


Message History

You hit the rat. You drain the rat.
You kill the rat!
The rat barely misses you. The rat bites you but does no damage.
You see here a rat corpse.
You hit the rat.
You kill the rat!
You see here a rat corpse.
You start resting.
HP restored.
You enter the shallow water.
Moving in this stuff is going to be slow.
You enter the shallow water.
Moving in this stuff is going to be slow.
You enter the shallow water.
Moving in this stuff is going to be slow.
A rat comes into view.
A rat and a river rat come into view.
A rat comes into view.
You enter the shallow water.
Moving in this stuff is going to be slow.
The rat bites you.
You hit the rat. You tail-slap the rat.
You kill the rat!
The river rat bites you!
You hit the river rat. You tail-slap the river rat.
The river rat is lightly wounded.
The river rat bites you!
You are too injured to fight recklessly!
You are too injured to fight recklessly!
You are too injured to fight recklessly!
You are too injured to fight recklessly!
You hit the river rat.
The river rat is moderately wounded.
The river rat bites you.
* * * LOW HITPOINT WARNING * * *
You hit the river rat.
The river rat is heavily wounded.
The river rat bites you!
You die...

.~.## #~~
..~# ##~~
#~.## #.~~
~..# #.~#
#~.# #..#
#†~# #r.+
#\\# #rr#
#††# #~@##
##~.# #~~~#
#~~~#
##..##
##..##
#.~.###~~.#
##~~~~~~.##
#~~~..~.#
###.~~###
#####


You could see a river rat and 2 rats.

Vanquished Creatures
  A river rat (Sewer)
  A worm (D:3)
  2 endoplasms
  A goblin (D:3)
  A hobgoblin (D:4)
  A quokka (D:3)
  2 ball pythons (D:3)
  A frilled lizard (D:3)
  5 rats
15 creatures vanquished.

Notes
Turn   | Place    | Note
-------+----------+-------------------------------------------
     0 | D:5      | MrRokkomies the Armataur Delver began the quest for the
                  | Orb.
     0 | D:5      | Reached XP level 1. HP: 19/19 MP: 1/1
    19 | D:4      | Noticed a hound
    47 | D:4      | Found a sparkling altar of Nemelex Xobeh.
   136 | D:3      | Found a glowing drain.
   141 | D:3      | Reached XP level 2. HP: 20/26 MP: 2/2
   157 | Sewer    | Entered a sewer
   232 | Sewer    | Slain by a river rat

Illustrated notes

Levels and vault maps discovered:
D:3:      layout_loops_cross, cheibrodos_worm_habitat, portal_sewer_entry_b
D:4:      layout_cave_pools, nicolae_overflow_crystal_walls,
          lemuel_temple_firewalk_a, uniq_duvessa
D:5:      layout_loops_cross, uniq_eustachio
Sewer:    sewer_hellmonk_bad_rat

Skill      XL: |  1  2 |
---------------+-------+-----
Short Blades   | 2 |  2.2
Fighting       | 3 |  3.1
Dodging        | |  1.6
Stealth        | |  5.6

Action                   || total
-------------------------++-------
Melee: Short sword       ||    39
       Tailslap          ||     3
  Use: Scroll            ||     1
 Stab: Sleeping          ||     2
Armor: Leather armour    ||    12
Dodge: Dodged            ||     5

Table legend: (Time is in decaauts)
 A = Elapsed time spent in this place.
 B = Non-inter-level travel time spent in this place.
 C = Inter-level travel time spent in this place.
 D = Time resting spent in this place.
 E = Time spent auto-exploring this place.
 F = Levels seen in this place.
 G = Mean time per level.
                   A        B        C        D        E       F      G
               +--------+--------+--------+--------+--------+-----+--------+
         Total |    233 |    221 |     12 |     41 |     11 |   4 |   58.2 |
       Dungeon |    155 |    143 |     12 |      0 |      0 |   3 |   51.7 |
         Sewer |     78 |     78 |      0 |     41 |     11 |   1 |   78.0 |
               +--------+--------+--------+--------+--------+-----+--------+

Top non-repeatable levels by time:
     D:3: 98 daAuts
   Sewer: 78 daAuts
     D:4: 43 daAuts
     D:5: 14 daAuts
